 Dungeon Crawl Stone Soup version 0.27.0-1-g7a08968 (webtiles) character file.

Game seed: 12339948667060540027

22 NeededCrab the Shield-Bearer (level 2, -2/27 HPs)
             Began as a Deep Dwarf Fighter on Oct 3, 2021.
             Killed from afar by an orc wizard (5 damage)
             ... with a magic dart
             ... on level 2 of the Dungeon.
             The game lasted 00:02:28 (473 turns).

NeededCrab the Shield-Bearer (Deep Dwarf Fighter)    Turns: 473, Time: 00:02:28

Health: -2/27      AC:  6    Str: 19    XL:     2   Next: 68%
Magic:  2/2        EV:  7    Int:  8    God:
Gold:   8          SH:  9    Dex: 12    Spells: 1/1 levels left

rFire    . . .     SeeInvis .   a - +0 war axe
rCold    . . .     Faith    .   c - +0 kite shield
rNeg     . . .     Spirit   .   b - +0 scale mail
rPois    .         Reflect  .   (no helmet)
rElec    .         Harm     .   (no cloak)
rCorr    .         Rampage  .   (no gloves)
Will     .....                  (no boots)
Stlth    ..........             (no amulet)
HPRegen  0.00/turn              (no ring)
MPRegen  0.08/turn              (no ring)

@: no status effects
A: damage resistance, heal wounds, sense surroundings 1, no regeneration
a: Heal Wounds


You were on level 2 of the Dungeon.
You visited 1 branch of the dungeon, and saw 2 of its levels.

You collected 8 gold pieces.

Inventory:

Hand Weapons
 a - a +0 war axe (weapon)
Armour
 b - a +0 scale mail (worn)
 c - a +0 kite shield (worn)
Scrolls
 e - a scroll of magic mapping {unknown}
Potions
 d - a potion of might
 f - 2 potions of curing {unknown}
 g - a potion of brilliance {unknown}


   Skills:
 - Level 2.6 Fighting
 * Level 2.8 Axes
 + Level 3.5 Armour
 * Level 3.8 Shields


You had one spell level left.
You didn't know any spells.
Your spell library contained the following spells:

 Spells                   Type           Power      Damage    Failure   Level
 Magic Dart               Conj           0%         1d3       99%         1
 Searing Ray              Conj           0%         3d3       100%        2
 Fulminant Prism          Conj/Hex       0%         3d6       100%        4


Dungeon Overview and Level Annotations

Branches:
Dungeon (2/15)

Altars:


Innate Abilities, Weirdness & Mutations

You are resistant to damage.
You can heal yourself by infusing magical energy.
You passively map a small area around you.
You do not regenerate.


Message History

Something hits you but does no damage.
You barely miss something. Something hits you but does no damage.
You hear some strange, mumbled words.
You are confused.
You miss something. Something hits you but does no damage.
Something completely misses you.
You're too confused to move!
Something hits you.
You're too confused to move!
You hear some strange, mumbled words.
You are more confused.
You closely miss something.
You hear some strange, mumbled words.
You are more confused.
You barely miss something. Something hits you. x2
* * * LOW HITPOINT WARNING * * *
You bump into the rock wall.
Something hits you but does no damage.
You bump into the rock wall.
Something hits you but does no damage.
You are too confused!
You bump into the rock wall.
Something hits you.
You miss something. Something hits you.
* * * LOW HITPOINT WARNING * * *
You miss something. Something hits you.
* * * LOW HITPOINT WARNING * * *
Something hits you.
You closely miss something. Something hits you but does no damage.
You completely miss something.
You feel less confused. Something hits you but does no damage.
You hear some strange, mumbled words.
A magic dart appears from out of thin air!
The magic dart hits you.
* * * LOW HITPOINT WARNING * * *
You barely miss something. Something hits you but does no damage.
You hear some strange, mumbled words.
Something tries to affect you, but you resist.
You barely miss something.
You hear some strange, mumbled words.
A magic dart appears from out of thin air!
The magic dart hits you.
You die...

, * * ### *
,#######<# ,
#.....#)#####
#.###.......#
* #.....##.##
, ,
#.#.####.#
#....# #.# ,
, ,####.# #.#
, ,* #@# #.#
* * #{# #.# ,
* #o# #.# * *
,...,...
##..# * ,
.... , *
...#. * *
..... , *
....# #


You could see an orc.

Vanquished Creatures
  2 dart slugs (D:1)
  2 orcs (D:2)
  2 endoplasms (D:1)
  A giant cockroach (D:1)
  A hobgoblin (D:1)
  A kobold (D:1)
  A ball python (D:1)
  2 bats (D:1)
  3 frilled lizards (D:1)
  2 rats (D:1)
17 creatures vanquished.

Notes
Turn   | Place    | Note
-------+----------+-------------------------------------------
     0 | D:1      | NeededCrab the Deep Dwarf Fighter began the quest for the
                  | Orb.
     0 | D:1      | Reached XP level 1. HP: 20/20 MP: 1/1
   141 | D:1      | Reached XP level 2. HP: 24/27 MP: 2/2
   473 | D:2      | Killed from afar by an orc wizard

Illustrated notes

Levels and vault maps discovered:
D:1:      dpeg_arrival_line_fractal, layout_rooms
D:2:      layout_basic, hellmonk_ecumenical_altar_heavens_door, dk_vineyard_3,
          hangedman_abyss_or_decor_stabs, uniq_terence

Action                   || total
-------------------------++-------
Melee: War axe           ||    61
Armor: Scale mail        ||    24
Dodge: Dodged            ||    21
Block: Kite shield       ||    17
